 Dungeon Crawl Stone Soup version 0.18-a0-1229-ge9a1a01 (webtiles) character file.

933 ololoev the Firebug (level 7, -1/36 HPs)
             Began as a Deep Elf Fire Elementalist on Feb 4, 2016.
             Was an Initiate of Sif Muna.
             Slain by a thrashing horror (2 damage)
             ... on level 4 of the Abyss.
             The game lasted 00:33:32 (3454 turns).

ololoev the Firebug (Deep Elf Fire Elementalist)    Turns: 3454, Time: 00:33:33

Health: -1/36      AC:  9    Str:  5    XL:     7   Next: 86%
Magic:  17/17      EV: 16    Int: 27    God:    Sif Muna [......]
Gold:   397        SH:  0    Dex: 15    Spells: 5 memorised, 1 level left

rFire  + . .     SeeInvis .     a - +1 falchion (protect)
rCold  . . .     Gourm    .     w - +0 robe
rNeg   . . .     Faith    .     (no shield)
rPois  .         Spirit   .     (no helmet)
rElec  .         Dismiss  .     s - +1 cloak
rCorr  .         Reflect  .     (no gloves)
SustAt .         Harm     .     (no boots)
MR     .....                    r - amulet of magic regeneration
Stlth  ++........               y - ring of protection from fire
                                t - +3 ring of evasion

@: brilliant, very slightly contaminated, hasted, very quick, not resistant to
hostile enchantments, unstealthy
A: no striking features
a: Renounce Religion

Inventory:

Hand Weapons
 a - a +1 falchion of protection (weapon)
Armour
 s - a +1 cloak (worn)
 w - a +0 robe (worn)
Jewellery
 g - a +4 ring of intelligence {unknown}
 r - an amulet of magic regeneration (around neck)
 t - a +3 ring of evasion (left hand)
 y - a ring of protection from fire (right hand)
Scrolls
 d - 3 scrolls of remove curse
 f - a scroll of random uselessness {unknown}
 m - 3 scrolls of amnesia
 q - a scroll of magic mapping {unknown}
 A - a scroll of fear {unknown}
Potions
 e - a potion of haste
 h - a potion of resistance {unknown}
 k - a potion of ambrosia {unknown}
 o - a potion of cure mutation {unknown}
 p - a potion of poison {unknown}
 u - a potion of lignification {unknown}
Books
 b - a book of Flames

   Spells                             Type                      Level
   a - Flame Tongue                   Conjuration/Fire             1
   b - Throw Flame                    Conjuration/Fire             2
   c - Conjure Flame                  Conjuration/Fire             3
   d - Inner Flame                    Hexes/Fire                   3
   e - Sticky Flame                   Conjuration/Fire             4
   f - Fireball                       Conjuration/Fire             5
 x - a book of the Dragon

   Spells                             Type                      Level
   a - Flame Tongue                   Conjuration/Fire             1
   b - Cause Fear                     Hexes                        4
   c - Bolt of Fire                   Conjuration/Fire             6
   d - Dragon Form                    Transmutation                7
   e - Dragon's Call                  Summoning                    9
 C - a book of Minor Magic

   Spells                             Type                      Level
   a - Magic Dart                     Conjuration                  1
   b - Blink                          Translocation                2
   c - Call Imp                       Summoning                    2
   d - Repel Missiles                 Charms/Air                   2
   e - Slow                           Hexes                        2
   f - Conjure Flame                  Conjuration/Fire             3
   g - Mephitic Cloud                 Conjuration/Poison/Air       3
Comestibles
 c - 6 bread rations
 j - 2 meat rations
 v - 5 fruits
 B - a royal jelly


   Skills:
 - Level 2.4 Dodging
 - Level 2.4 Stealth
 + Level 5.9 Spellcasting
 * Level 6.1 Conjurations
 * Level 6.4 Fire Magic
 * Level 2.8 Invocations


You had one spell level left.
You knew the following spells:

 Your Spells              Type           Power        Failure   Level  Hunger
a - Flame Tongue          Conj/Fire      #####        1%          1    None
b - Conjure Flame         Conj/Fire      ######..     1%          3    None
c - Sticky Flame          Conj/Fire      ######..     1%          4    ###....
d - Fireball              Conj/Fire      ######....   2%          5    #####..
e - Inner Flame           Hex/Fire       #####...     1%          3    None


You were on level 4 of the Abyss.
You worshipped Sif Muna.
Sif Muna was noncommittal.
You were not hungry.

You visited 2 branches of the dungeon, and saw 9 of its levels.
You visited the Abyss 1 time.

You collected 397 gold pieces.

.... .. . .... . ..... ..
#...# ...K......####.. v#
..K K ...#.....=≈.
.###...## ......$.( ..#...
.# #....≈.
..*.....######'.##+##
....(. ........≈@...#.#
.......K.Kv..≈vX.......
..#..(..#.K.v≈$.....#...
##...###K##...##.##. .
.#....vD...5...#.... ...=.
.........v.....##
..../.......#...#.....#..
............##≈##....... .
..#.....#.....#...........

Notes
Turn   | Place    | Note
--------------------------------------------------------------
     0 | D:1      | ololoev the Deep Elf Fire Elementalist began the quest for the Orb.
     0 | D:1      | Reached XP level 1. HP: 10/10 MP: 6/6
   137 | D:2      | Reached XP level 2. HP: 15/15 MP: 4/8
   162 | D:2      | Noticed Natasha
   178 | D:2      | Killed Natasha
   178 | D:2      | Reached XP level 3. HP: 19/19 MP: 6/10
   187 | D:2      | Learned a level 3 spell: Conjure Flame
   191 | D:2      | Learned a level 3 spell: Inner Flame
   232 | D:2      | Noticed Natasha
   236 | D:2      | Killed Natasha
   301 | D:3      | Reached XP level 4. HP: 15/24 MP: 5/11
   396 | D:3      | Noticed Duffy's ghost (amateur VSFi)
   536 | D:3      | Reached skill level 4 in Spellcasting
   605 | D:3      | Killed Duffy's ghost
   605 | D:3      | Reached XP level 5. HP: 16/28 MP: 1/13
   697 | D:3      | Learned a level 4 spell: Sticky Flame
   794 | D:4      | Found an oddly glowing altar of Pakellas.
  1109 | D:5      | Entered Level 5 of the Dungeon
  1391 | D:4      | Found a blossoming altar of Fedhas.
  1616 | D:5      | Noticed st0uf's ghost (novice DDNe)
  1680 | D:5      | Reached skill level 5 in Fire Magic
  1680 | D:5      | Reached XP level 6. HP: 25/32 MP: 9/15
  1685 | D:5      | Found a sacrificial altar of Ru.
  1748 | D:5      | Reached skill level 5 in Conjurations
  1817 | D:5      | Found a shadowy altar of Dithmenos.
  1940 | D:5      | Reached skill level 5 in Spellcasting
  2063 | D:5      | Found a shimmering altar of Xom.
  2068 | D:5      | Found a burning altar of Makhleb.
  2072 | D:5      | Found an opulent altar of Gozag.
  2085 | D:5      | Found a shattered altar of Ashenzari.
  2085 | D:5      | Found an ancient bone altar of Kikubaaqudgha.
  2708 | D:7      | Found a staircase to the Ecumenical Temple.
  2717 | Temple   | Entered the Ecumenical Temple
  2728 | Temple   | Became a worshipper of Sif Muna the Loreminder
  2811 | D:7      | Noticed an ice beast
  2819 | D:7      | Killed an ice beast
  2819 | D:7      | Reached skill level 1 in Invocations
  2819 | D:7      | Reached XP level 7. HP: 16/36 MP: 11/17
  2886 | D:8      | Reached skill level 6 in Fire Magic
  3099 | D:7      | Identified the Catalogue of Conjuration
  3149 | D:8      | Noticed Erolcha
  3151 | D:8      | Cast into level 2 of the Abyss (Erolcha)
  3151 | Abyss:2  | Found a corrupted altar of Lugonu.
  3224 | Abyss:2  | Learned a level 5 spell: Fireball
  3285 | Abyss:3  | Noticed a fire bat
  3305 | Abyss:3  | Noticed a rakshasa
  3305 | Abyss:3  | Noticed an air elemental
  3306 | Abyss:3  | Found a corrupted altar of Lugonu.
  3314 | Abyss:3  | Noticed a hellwing
  3315 | Abyss:3  | Noticed a revenant
  3320 | Abyss:3  | Noticed an orange demon
  3380 | Abyss:3  | Noticed an ancient zyme
  3385 | Abyss:3  | Noticed a large abomination
  3385 | Abyss:3  | Noticed a Hell Sentinel
  3389 | Abyss:3  | Noticed a rakshasa
  3395 | Abyss:3  | Noticed a fire bat
  3422 | Abyss:4  | Noticed a thrashing horror
  3429 | Abyss:4  | Noticed a spatial maelstrom
  3430 | Abyss:4  | Noticed a spatial vortex
  3430 | Abyss:4  | Noticed a chaos spawn
  3432 | Abyss:4  | Noticed a kobold demonologist
  3433 | Abyss:4  | Noticed a spatial vortex
  3437 | Abyss:4  | Noticed a bone dragon
  3439 | Abyss:4  | Noticed a spatial vortex
  3440 | Abyss:4  | Noticed a wretched star
  3446 | Abyss:4  | Noticed a spatial vortex
  3451 | Abyss:4  | Noticed a spatial vortex
  3454 | Abyss:4  | HP: 1/36 [thrashing horror (6)]
  3454 | Abyss:4  | Slain by a thrashing horror

Dungeon Overview and Level Annotations

Branches:
Dungeon (8/15)             Temple (1/1) D:7
   Lair: D:8-11

Altars:
Ashenzari
Dithmenos
Fedhas
Gozag
Kikubaaqudgha
Makhleb
Okawaru
Pakellas
Qazlal
Ru
Sif Muna
Trog
Xom
Zin
The Shining One
Lugonu

Annotations:
D:5 st0uf's ghost, novice DDNe
D:8 Erolcha


Message History

The thrashing horror roars!
The kobold shouts! x2
The kobold throws a stone.
The stone barely misses you.
A spatial vortex comes into view.
The thrashing horror tramples you.
You stumble backwards!
A wretched star comes into view.
The thrashing horror roars!
You hear a roar.
The thrashing horror barely misses you.
The thrashing horror closely misses you.
You see here a stone.
Drink which item? (? for menu, Esc to quit)
You feel better. The spatial maelstrom misses you.
The spatial maelstrom hits you. Space warps horribly around you!
The thrashing horror tramples you!
You stumble backwards!
The thrashing horror roars!
The thrashing horror closely misses you.
The thrashing horror tramples you but does no damage.
The thrashing horror tramples you.
You stumble backwards!
Drink which item? (? for menu, Esc to quit)
You feel better.
The thrashing horror roars!
You hear a chilling moan.
The thrashing horror tramples you but does no damage. x2
A spatial vortex comes into view.
The thrashing horror roars!
The thrashing horror barely misses you. x2
The thrashing horror closely misses you.
The thrashing horror tramples you but does no damage.
The thrashing horror roars!
The thrashing horror tramples you but does no damage. x2
Drink which item? (? for menu, Esc to quit)
You feel better. The thrashing horror barely misses you.
The thrashing horror misses you.
The crimson imp laughs crazily.
A spatial vortex comes into view.
The thrashing horror roars!
You hear a horrible gurgling sound!
The spatial maelstrom hits you!
You wobble for a moment.
The spatial maelstrom barely misses you.
You see here a royal jelly.
The thrashing horror tramples you.
You hold your ground!
The thrashing horror tramples you.
You die...

You could see a spatial maelstrom, 3 spatial vortices, a thrashing horror, a crimson imp and 3 kobolds.

Vanquished Creatures
  An ice beast (D:7)
  An orc warrior (D:7)
  An ogre (D:8)
  An eye of draining (D:8)
  The ghost of Duffy the Cudgeler, an amateur VSFi (D:3)
  A giant frog (D:6)
  2 orc priests
  4 orc wizards
  Natasha (twice) (D:2)
  A worker ant zombie (D:5)
  7 gnolls
  4 adders
  A shadow imp (D:7)
  2 worms
  5 giant geckos
  20 orcs
  4 giant cockroaches
  3 goblins
  3 hobgoblins
  8 jackals (D:5)
  5 kobolds
  2 quokkas
  A ball python (D:4)
  4 bats
  3 giant newts
  5 rats
92 creatures vanquished.

Action                   |  1- 3 |  4- 6 |  7- 9 || total
-------------------------+-------+-------+-------++-------
Melee: Dagger            |       |     1 |       ||     1
       Trident           |       |    11 |     3 ||    14
 Cast: Flame Tongue      |    24 |   102 |    18 ||   144
       Inner Flame       |       |     7 |     5 ||    12
       Conjure Flame     |       |     7 |     5 ||    12
       Sticky Flame      |       |     4 |     3 ||     7
Evoke: Wand              |       |     4 |       ||     4
  Use: Potion            |       |     1 |     5 ||     6
       Scroll            |       |     6 |     4 ||    10
 Stab: Sleeping          |       |     1 |       ||     1
  Eat: Chunk             |       |     7 |     3 ||    10

Vault maps used:
D:1:      sevenhm_arrival_forest_fort_large_2
D:2:      nicolae_overflow_crystal_walls, ecumenical_altar_1, uniq_natasha,
          uniq_crazy_yiuf_cottage, uniq_iyjb
D:3:      yredelemnul_altar_generic, first_bread, kennysheep_big_empty_room
D:4:      fedhas_altar_fruit_tree, overflow_temple_1_default, roderic_lattice_a
D:5:      old_standard_altar, minmay_overflow_temple_star_hex,
          nicolae_dithmenos_the_darkroom
D:7:      temple_hall
D:8:      elyvilon_altar_1, uniq_erolcha, uniq_grum
Temple:   corrupted_temple
Abyss:4:  hangedman_abyss_or_decor_clamps, hangedman_summoners_spam,
          evilmike_abyss_rune_tentacle_tunnel, small_statue_intersection,
          patterned_corridor
